 Dungeon Crawl Stone Soup version 0.25-a0-322-g3677130cb1 (webtiles) character file.

Game seed: 17646256059496577450, levelgen mode: deterministic

2858 septik the Cleaver (level 9, 82/82 HPs)
             Began as a Minotaur Berserker on Dec 14, 2019.
             Was an Elder of Trog.
             Quit the game on level 8 of the Dungeon on Dec 27, 2019.
             The game lasted 00:23:18 (5820 turns).

septik the Cleaver (Minotaur Berserker)             Turns: 5820, Time: 00:23:19

Health: 82/82      AC: 18    Str: 26    XL:     9   Next: 47%
Magic:  8/8        EV:  9    Int:  4    God:    Trog [****..]
Gold:   441        SH:  0    Dex:  9    Spells: 8/8 levels left

rFire    . . .     SeeInvis .   p - +0 battleaxe
rCold    . . .     Gourm    +   (shield currently unavailable)
rNeg     . . .     Faith    .   q - +0 plate armour
rPois    +         Spirit   .   (helmet restricted)
rElec    .         Reflect  .   h - +0 cloak
rCorr    .         Harm     .   s - +0 pair of gloves
MR       .....                  K - +1 pair of boots
Stlth    ..........             A - amulet of the gourmand
HPRegen  0.23/turn              i - ring of poison resistance
MPRegen  0.11/turn              (no ring)

@: berserk cooldown
A: retaliatory headbutt, horns 2
a: Berserk, Trog's Hand, Brothers in Arms, Renounce Religion


You were on level 8 of the Dungeon.
You worshipped Trog.
Trog was greatly pleased with you.
You were very full.

You visited 1 branch of the dungeon, and saw 8 of its levels.

You collected 441 gold pieces.

Inventory:

Hand Weapons
 a - a +0 hand axe
 p - a +0 battleaxe (weapon)
Armour
 b - a +0 cloak
 h - a +0 cloak (worn)
 o - a scarf of spirit shield
 q - a +0 plate armour (worn)
 s - a +0 pair of gloves (worn)
 K - a +1 pair of boots (worn)
Jewellery
 i - a ring of poison resistance (left hand)
 j - the ring of Robustness {AC+8}
   (You took it off an orc on level 6 of the Dungeon)

   [ring of protection]

   It affects your AC (+8).
 A - an amulet of the gourmand (around neck)
 B - an uncursed amulet of harm {unknown}
Scrolls
 d - 6 scrolls of teleportation {unknown}
 f - a scroll of enchant armour {unknown}
 k - 7 scrolls of identify {unknown}
 r - a scroll of immolation {unknown}
 t - 3 scrolls of fog {unknown}
 u - 3 scrolls of remove curse {unknown}
 w - 3 scrolls of enchant weapon {unknown}
 y - 4 scrolls of fear {unknown}
 z - 2 scrolls of noise {unknown}
 G - a scroll of magic mapping {unknown}
 H - a scroll of random uselessness {unknown}
 J - a scroll of brand weapon {unknown}
Potions
 e - 3 potions of might {unknown}
 g - 4 potions of flight {unknown}
 l - a potion of degeneration {unknown}
 m - 3 potions of lignification {unknown}
 n - a potion of invisibility {unknown}
 v - a potion of agility {unknown}
 x - 2 potions of magic {unknown}
 C - a potion of heal wounds {unknown}
 D - 2 potions of curing {unknown}
 E - a potion of cancellation {unknown}
 F - a potion of ambrosia {unknown}
Comestibles
 c - 11 rations
 I - 10 chunks of flesh


   Skills:
 + Level 8.6 Fighting
 * Level 11.1 Axes
 + Level 7.9 Armour
 - Level 4.0 Dodging


You had 8 spell levels left.
You didn't know any spells.
Your spell library was empty.

Dungeon Overview and Level Annotations

Branches:
Dungeon (8/15)             Temple (0/1) D:4
   Lair: D:8-11

Altars:
Hepliaklqana
Kikubaaqudgha
Okawaru
Qazlal
Sif Muna
Trog
Uskayaw
Vehumet
Yredelemnul


Innate Abilities, Weirdness & Mutations

You reflexively headbutt those who attack you in melee.
You have a pair of horns on your head.


Message History

Things that are here:
a +0 falchion; a necrophage corpse You see here a +0 giant club.
Found a pair of embroidered boots and 23 stones.
Found a stone staircase leading down.
You see here a pair of embroidered boots.
K - a pair of embroidered boots You start putting on your armour.
You continue putting on your pair of embroidered boots. x4
You finish putting on your +1 pair of boots.
Found 8 gold pieces.
You feel yourself speed up.
You see here 23 stones.
Found a stone staircase leading up.
You now have 441 gold pieces (gained 8).
Unknown command.
Are you sure you want to abandon this character and quit the game? (Confirm with "yes".)
Okay, then.
Unknown command.
Are you sure you want to abandon this character and quit the game? (Confirm with "yes".)

#.# #.# #.# #
#.# #. #.#
#.#.##.###.##
#..........#
##@# ##..#
##.#.##
#.###.#
#########
###.#.##
#)......#
#..<...#
#<#####.#
#.##.#.#####)#
#. #.#(#...#)#
# #....>#.#.#
#


There were no monsters in sight!

Vanquished Creatures
  A gargoyle (D:7)
  A hippogriff (D:7)
  2 orc warriors
  An ice beast (D:8)
  A sky beast (D:5)
  2 necrophages
  A phantom (D:6)
  4 ogres
  2 centaurs
  A bullfrog (D:6)
  A scorpion (D:5)
  A howler monkey (D:4)
  A quasit (D:6)
  2 crimson imps (D:5)
  2 jellies
  An orc priest (D:6)
  3 hounds
  9 orc wizards
  A centaur skeleton (D:5)
  Natasha (twice) (D:2)
  5 worker ants
  A hound zombie (D:6)
  A hound skeleton (D:4)
  6 gnolls
  2 howler monkey skeletons
  9 adders
  2 shadow imps
  An ooze (D:3)
  An adder zombie (D:5)
  4 worms
  4 dart slugs
  3 leopard geckos
  33 orcs
  A ball python (D:2)
  3 bats (D:3)
  3 giant cockroaches
  6 goblins
  9 hobgoblins
  16 jackals
  4 quokkas
  A ball python skeleton (D:4)
  4 frilled lizards (D:2)
  A jackal skeleton (D:8)
  11 kobolds
  3 quokka skeletons
  9 rats
  3 fungi (D:3)
185 creatures vanquished.

Vanquished Creatures (others)
  4 toadstools (D:3)
4 creatures vanquished.

Grand Total: 189 creatures vanquished

Notes
Turn   | Place    | Note
-------+----------+-------------------------------------------
     0 | D:1      | septik the Minotaur Berserker began the quest for the Orb.
     0 | D:1      | Reached XP level 1. HP: 19/19 MP: 0/0
   144 | D:1      | Reached XP level 2. HP: 27/27 MP: 1/1
   316 | D:1      | Reached XP level 3. HP: 17/33 MP: 2/2
   493 | D:1      | Reached ** piety under Trog
   738 | D:1      | Reached skill level 4 in Axes
   972 | D:2      | Noticed Natasha
   982 | D:2      | Killed Natasha
   982 | D:2      | Reached XP level 4. HP: 41/41 MP: 3/3
  1419 | D:2      | Found a hide-covered altar of Uskayaw.
  1831 | D:2      | Noticed Natasha
  1841 | D:2      | Killed Natasha
  1841 | D:2      | Reached XP level 5. HP: 30/47 MP: 4/4
  2037 | D:3      | Noticed an orc warrior
  2045 | D:3      | Reached skill level 5 in Axes
  2051 | D:2      | Killed an orc warrior
  2051 | D:2      | Reached skill level 5 in Fighting
  2348 | D:3      | Reached XP level 6. HP: 52/56 MP: 5/5
  2866 | D:3      | Reached skill level 6 in Axes
  2944 | D:3      | Reached *** piety under Trog
  3128 | D:4      | Found a radiant altar of Vehumet.
  3128 | D:4      | Found an ancient bone altar of Kikubaaqudgha.
  3129 | D:4      | Found a shimmering blue altar of Sif Muna.
  3191 | D:4      | Identified Vehumet's Catalogue of Combat Magic
  3277 | D:4      | Found a staircase to the Ecumenical Temple.
  3319 | D:4      | Found a stormy altar of Qazlal.
  3350 | D:4      | Reached XP level 7. HP: 61/61 MP: 6/6
  3376 | D:4      | Found a hazy altar of Hepliaklqana.
  3551 | D:5      | Entered Level 5 of the Dungeon
  3635 | D:5      | Reached skill level 7 in Axes
  3745 | D:5      | Reached skill level 5 in Armour
  3887 | D:5      | Reached skill level 8 in Axes
  4045 | D:5      | Reached **** piety under Trog
  4120 | D:5      | Reached XP level 8. HP: 69/71 MP: 7/7
  4275 | D:6      | Upgraded the game from 0.25-a0-290-g4a1327ee3a to
                  | 0.25-a0-322-g3677130cb1
  4370 | D:6      | Reached skill level 9 in Axes
  4444 | D:6      | Found a basalt altar of Yredelemnul.
  4512 | D:6      | Found an iron altar of Okawaru.
  4856 | D:6      | Reached skill level 10 in Axes
  5217 | D:6      | Reached XP level 9. HP: 79/81 MP: 8/8
  5238 | D:7      | Noticed a gargoyle
  5244 | D:7      | Killed a gargoyle
  5594 | D:7      | Noticed a moth of wrath
  5597 | D:7      | Found a bloodstained altar of Trog.
  5771 | D:8      | Reached skill level 11 in Axes
  5820 | D:8      | Quit the game

Levels and vault maps discovered:
D:1:      nicolae_arrival_memento_mori, layout_loops_corners
D:2:      layout_basic, marbit_many_paths, minmay_splitting_lines, uniq_natasha
D:3:      layout_basic, hangedman_decor_clover_reticule, grunt_ministairs_13,
          minmay_gold_behind_fungi
D:4:      layout_rooms, grunt_temple_overflow_magic_moments,
          lemuel_crystal_altar, lemuel_doored_altar, temple_fountains
D:5:      layout_basic, first_ration, hangedman_abyss_or_decor_stagger
D:6:      cheibrodos_barr_body, layout_rooms, yredelemnul_altar_generic,
          lemuel_round_altar
D:7:      layout_rooms, tgw_trog
D:8:      layout_loops_cross, uniq_grum, uniq_harold, uniq_joseph, uniq_pikel

Skill      XL: |  1  2  3  4  5  6  7  8  9 |
---------------+----------------------------+-----
Fighting       | 4 5 6 7 8 |  8.6
Dodging        | 3 4 |  4.0
Axes           | 4 5 6 8 10 11 | 11.1
Armour         | 3 4 5 7 |  7.9

Action                   |  1- 3 |  4- 6 |  7- 9 || total
-------------------------+-------+-------+-------++-------
Melee: Hand axe          |    56 |    43 |       ||    99
       Headbutt          |    10 |    14 |    28 ||    52
       Battleaxe         |       |   101 |   235 ||   336
Invok: Berserk           |     1 |     2 |     4 ||     7
       Trog's Hand       |     1 |     2 |     1 ||     4
 Stab: Sleeping          |     1 |       |       ||     1
  Eat: Chunk             |       |     8 |    26 ||    34
       Ration            |       |     1 |       ||     1
Armor: Animal skin       |     4 |       |       ||     4
       Ring mail         |     1 |    27 |       ||    28
       Plate armour      |       |    71 |   197 ||   268
Dodge: Dodged            |    42 |    91 |   120 ||   253

Table legend:
 A = Non-vault XP
 B = Vault XP
 C = Vault XP percentage of total XP
 D = Non-vault monster count
 E = Vault monster count
 F = Vault count percentage of total count
                 A         B        C        D         E       F
            +---------+---------+-------+---------+---------+-------
      Total |    3720 |     363 |   8.9 |     167 |      15 |   8.2
            +---------+---------+-------+---------+---------+-------
        D:1 |      62 |       0 |   0.0 |      25 |       0 |   0.0
        D:2 |     257 |      37 |  12.6 |      17 |       2 |  10.5
        D:3 |     181 |       4 |   2.2 |      41 |       2 |   4.7
        D:4 |     301 |       0 |   0.0 |      19 |       0 |   0.0
        D:5 |     625 |       0 |   0.0 |      20 |       0 |   0.0
        D:6 |    1074 |     305 |  22.1 |      32 |       6 |  15.8
        D:7 |     790 |      17 |   2.1 |       5 |       5 |  50.0
        D:8 |     430 |       0 |   0.0 |       8 |       0 |   0.0
            +---------+---------+-------+---------+---------+-------
